[Event "Titled Tuesday Blitz June 22 2021"]
[White "Pakleza, Zbigniew"]
[Black "Nguyen, Quoc Hy"]
[WhiteFideId "1119290"]
[BlackFideId "12410853"]
[WhiteElo "2526"]
[BlackElo "1975"]
[Result "0-1"]
[Round "05"]
[TimeControl "180+1"]
[Date "2021.06.22"]
[WhiteClock "0:00:06"]
[BlackClock "0:00:08"]

1. d4 d5 2. Bf4 Nf6 3. e3 Bf5 4. c4 e6 5. Nc3 c6 6. Qb3 Qc8 7. Rc1 Nbd7 8. h3 Be7 9. Nf3 O-O 10. Be2 h6 11. O-O Bh7 12. Rfd1 Nb6 13. Ne5 Nfd7 14. cxd5 exd5 15. Bg4 f5 16. Bf3 Nxe5 17. Bxe5 Qd7 18. Ne2 Kh8 19. Nf4 Nc4 20. Nd3 Bd6 21. Bxd6 Nxd6 22. Ne5 Qe7 23. g3 Nf7 24. Nd3 Ng5 25. Bg2 Bg6 26. Nf4 Bf7 27. Qc2 Ne4 28. Kh2 Rae8 29. a3 Nd6 30. Qc5 a6 31. Re1 Nc4 32. Qxe7 Rxe7 33. Rc2 g5 34. Nd3 f4 35. gxf4 Bg6 36. Rxc4 dxc4 37. Ne5 Bd3 38. fxg5 Rxf2 39. Kg3 Rxb2 40. gxh6 Kh7 41. Ng4 Ra2 42. Rc1 Rxa3 43. Kf4 c3 44. Ne5 Bg6 45. Be4 Bxe4 46. Kxe4 b5 47. Kd3 Kxh6 48. Nxc6 Rc7 49. d5 Rb3 50. e4 b4 51. Nd4 Rb2 52. d6 Rd7 53. e5 Rd2+ 54. Ke4 a5 55. e6 Rxd6 56. Nf5+ Kg5 57. Nxd6 Rxd6 58. Ke5 Rd8 59. Rg1+ Kh4 60. e7 Re8 61. Kf6 b3 62. Rg7 c2 63. Rg4+ Kxh3 64. Rc4 b2 65. Rc3+ Kg4 66. Rc4+ Kf3 67. Kf7 Rxe7+ 68. Kxe7 c1=Q 69. Rd4 b1=Q 70. Rd7 Qb4+ 71. Kd8 Qb6+ 72. Ke8 Qcc6 73. Kf8 Qxd7 74. Kg8 Qbd8# 0-1


[Site "https://www.chess.com"]

[Event "Titled Tuesday Blitz June 22 2021"]
[White "Paragua, Mark"]
[Black "Savitha Shri B"]
[WhiteFideId "5201241"]
[BlackFideId "35061887"]
[WhiteElo "2493"]
[BlackElo "2006"]
[Result "1-0"]
[Round "05"]
[TimeControl "180+1"]
[Date "2021.06.22"]
[WhiteClock "0:00:04"]
[BlackClock "0:00:07"]

1. d4 c5 2. d5 e5 3. e4 d6 4. Nc3 g6 5. h4 Bg7 6. h5 Nf6 7. h6 Bf8 8. Be2 Be7 9. a4 Na6 10. Be3 Nb4 11. g4 Qa5 12. Kf1 O-O 13. g5 Ne8 14. Nf3 Bg4 15. Kg2 Qd8 16. Qd2 f6 17. gxf6 Nxf6 18. Ng5 Qd7 19. f3 Bh5 20. Ne6 Rf7 21. Rag1 Ne8 22. Bg5 Nc7 23. Ng7 Raf8 24. Nxh5 gxh5 25. Rxh5 Kh8 26. Kh1 Bxg5 27. Rgxg5 Ne8 28. Rh2 Nf6 29. Rhg2 Ng8 30. Rh5 Nf6 31. Rh4 Qe7 32. Rh3 Qd7 33. Kh2 a6 34. b3 Ne8 35. Nd1 a5 36. Ne3 Na6 37. Rhg3 Qe7 38. Nf5 Qf6 39. Qxa5 Nb4 40. c3 Nc2 41. Bd1 Ne1 42. Rg1 Nd3 43. Qb5 Nf4 44. Qf1 Qd8 45. Rg4 Rxf5 46. exf5 Qf6 47. Qf2 Qxh6+ 48. Qh4 Qf6 49. Qg3 Qf7 50. Bc2 Nf6 51. Rg5 h6 52. Qh4 Qh7 53. Rg6 Nxg6 54. Rxg6 Nd7 55. f6 h5 56. Qg5 Nxf6 57. Rh6 Ng4+ 58. fxg4 1-0


[Site "https://www.chess.com"]

[Event "Titled Tuesday Blitz June 22 2021"]
[White "Perdomo, Carlos Andres"]
[Black "Tanenbaum, Zachary"]
[WhiteFideId "4400852"]
[BlackFideId "2060850"]
[WhiteElo "2268"]
[BlackElo "2165"]
[Result "0-1"]
[Round "05"]
[TimeControl "180+1"]
[Date "2021.06.22"]
[WhiteClock "0:00:15"]
[BlackClock "0:00:06"]

1. c4 e5 2. Nc3 Nf6 3. Nf3 Nc6 4. e3 Bb4 5. Qc2 Bxc3 6. Qxc3 Qe7 7. d4 Ne4 8. Qd3 exd4 9. Nxd4 O-O 10. Be2 Re8 11. Nxc6 bxc6 12. O-O d6 13. Bf3 Bf5 14. Qd4 c5 15. Qd1 Rab8 16. Bxe4 Bxe4 17. b3 Qf6 18. Ba3 Qg5 19. f3 Qxe3+ 20. Kh1 Bd3 21. Re1 Qf2 22. Rg1 Be2 23. Qd2 Re6 24. Bb2 Rh6 25. Qg5 Rg6 26. Qf4 Bxf3 27. Qxf3 Qxb2 28. Qc6 Qe5 29. Qxc7 Rf8 30. Qxa7 Rh6 31. g3 Qe4+ 32. Rg2 Rf6 33. Rg1 h5 34. Qd7 g6 35. a4 Kg7 36. a5 Re8 37. a6 Qa8 38. Qb7 Qxb7 39. axb7 Rb8 40. Rd1 Rxb7 41. Rgd2 Rxb3 42. Rxd6 Rxd6 43. Rxd6 Rc3 44. Rd5 Rxc4 45. Kg2 Rc2+ 46. Kh3 c4 47. Rd6 c3 48. Rc6 g5 49. Rc5 g4+ 50. Kh4 Kg6 51. h3 f6 52. Rc8 Rg2 53. Rg8+ Kf7 54. Rh8 Rh2 55. Rxh5 Rxh3+ 56. Kxg4 Rxh5 57. Kxh5 c2 58. g4 c1=Q 59. g5 Qxg5# 0-1


[Site "https://www.chess.com"]

[Event "Titled Tuesday Blitz June 22 2021"]
[White "Pert, Richard G"]
[Black "Novikova, Galina"]
[WhiteFideId "404748"]
[BlackFideId "4157095"]
[WhiteElo "2441"]
[BlackElo "1947"]
[Result "1/2-1/2"]
[Round "05"]
[TimeControl "180+1"]
[Date "2021.06.22"]
[WhiteClock "0:00:07"]
[BlackClock "0:00:07"]

1. d4 d5 2. Nf3 Nc6 3. Bf4 Bf5 4. e3 e6 5. Bb5 Bd6 6. Nbd2 Ne7 7. O-O O-O 8. Bg3 Ng6 9. c4 Bxg3 10. hxg3 Nce7 11. cxd5 exd5 12. Rc1 c6 13. Be2 h6 14. Nb3 Nc8 15. Nc5 Nd6 16. Qb3 Qe7 17. Qa3 Rfe8 18. Rfd1 h5 19. Bf1 h4 20. Nxh4 Nxh4 21. gxh4 Qxh4 22. g3 Qh5 23. Bg2 Bg4 24. Rf1 Bf3 25. Nd3 Nc4 26. Qc3 Bxg2 27. Kxg2 Qe2 28. Kg1 Qf3 29. Nf4 g5 30. Ng2 Kg7 31. Qd3 Rh8 32. Qd1 Qf5 33. g4 Qg6 34. b3 Qh7 35. f3 Nxe3 36. Qd2 Qh2+ 37. Kf2 Nxg2 38. Rh1 Qxh1 39. Rxh1 Rxh1 40. Kxg2 Rhh8 41. Qxg5+ Kf8 42. Qe5 Kg8 43. Qg5+ Kf8 44. Qe5 Kg8 45. g5 Rh7 46. f4 Rg7 47. Kf3 Rf8 48. Qf6 Rg6 49. Qe7 Re6 50. Qxb7 Rfe8 51. Qxa7 Re1 52. Qd7 Kg7 53. f5 R8e3+ 54. Kf2 R1e2+ 55. Kf1 Re1+ 56. Kf2 R1e2+ 57. Kf1 Re1+ 58. Kf2 1/2-1/2


[Site "https://www.chess.com"]

[Event "Titled Tuesday Blitz June 22 2021"]
[White "Petriashvili, Nikoloz"]
[Black "Jones, Gawain C B"]
[WhiteFideId "13611216"]
[BlackFideId "409561"]
[WhiteElo "2430"]
[BlackElo "2657"]
[Result "1-0"]
[Round "05"]
[TimeControl "180+1"]
[Date "2021.06.22"]
[WhiteClock "0:00:14"]
[BlackClock "0:00:05"]

1. d4 Nf6 2. c4 g6 3. Nf3 Bg7 4. g3 c5 5. Bg2 O-O 6. O-O d6 7. Nc3 Nc6 8. d5 Na5 9. Nd2 a6 10. Qc2 Re8 11. b3 e6 12. dxe6 Bxe6 13. Bb2 Nc6 14. Nde4 Nxe4 15. Nxe4 Nd4 16. Qd2 Bg4 17. Rfe1 b5 18. Rac1 bxc4 19. Bxd4 cxd4 20. bxc4 Rb8 21. c5 dxc5 22. Nxc5 Qd6 23. Nd3 Re7 24. Bf3 Bxf3 25. exf3 h5 26. Rxe7 Qxe7 27. h4 Qe6 28. Kg2 Qd5 29. Rc5 Qd6 30. Qc2 Kh7 31. Rc7 Qd5 32. Nf4 d3 33. Nxd5 dxc2 34. Rxc2 Rb5 35. Ne3 Bd4 36. f4 Bxe3 37. fxe3 f5 38. Kf3 Ra5 39. Rb2 Kg7 40. Ke2 Ra3 41. Rd2 Kf6 42. Kf3 Ke6 43. Rc2 Kd7 44. Rb2 Kc7 45. Rd2 Ra4 46. Kf2 Ra3 47. Ke2 Kc6 48. Rc2+ Kd7 49. Rb2 Ke6 50. Kf3 Kf7 51. Re2 Ke6 52. Rf2 Rc3 53. Rb2 Ra3 54. Kf2 Ke7 55. Ke2 a5 56. Kf2 Kf7 57. Re2 Kf6 58. Ke1 Ke6 59. Kf2 Kd6 60. Rd2+ Kc5 61. Kf3 Kc6 62. Rd8 Rxa2 63. Rg8 a4 64. Rxg6+ Kb5 65. Rg5 Rc2 66. Rxh5 Rc5 67. Rh8 a3 68. Ra8 Kb4 69. h5 Ra5 70. Rb8+ Kc3 71. h6 a2 72. h7 a1=Q 73. h8=Q+ Kd2 74. Rd8+ Kc2 75. Qxa1 Rxa1 76. Rd5 Rf1+ 77. Ke2 Rg1 78. Kf2 Ra1 79. Rxf5 Kd3 80. Rd5+ Ke4 81. Re5+ Kd3 82. g4 Ra2+ 83. Kf3 Ra1 84. g5 Rf1+ 85. Kg4 Rg1+ 86. Kf5 Ra1 87. Kf6 Ra8 88. g6 Ra6+ 89. Kg5 Ra8 90. f5 Ke2 91. f6 Kf3 92. f7 Rb8 93. g7 Kg3 94. f8=Q 1-0


[Site "https://www.chess.com"]

[Event "Titled Tuesday Blitz June 22 2021"]
[White "Ponikarovsky, Alexey"]
[Black "Poormosavi, Seyed Kian"]
[WhiteFideId "4122887"]
[BlackFideId "12585807"]
[WhiteElo "1944"]
[BlackElo "2134"]
[Result "1-0"]
[Round "05"]
[TimeControl "180+1"]
[Date "2021.06.22"]
[WhiteClock "0:01:43"]
[BlackClock "0:00:19"]

1. e4 c5 2. d4 cxd4 3. Nf3 Nc6 4. Bc4 g6 5. O-O Bg7 6. Qe2 d6 7. Rd1 Nf6 8. Nxd4 Nxd4 9. Rxd4 O-O 10. Rd1 a6 11. Nc3 b5 12. Bd5 Nxd5 13. Nxd5 Be6 14. c3 Bxd5 15. Rxd5 Qc7 16. Be3 Rfc8 17. Rad1 Qc4 18. Qxc4 Rxc4 19. Bd4 Bxd4 20. R1xd4 Rac8 21. Kf1 Kg7 22. Ke2 Kf6 23. Kd3 Rxd4+ 24. Rxd4 Ke6 25. f4 f5 26. g3 Rg8 27. a4 bxa4 28. Rxa4 Rb8 29. b4 Rb6 30. c4 Kd7 31. Kd4 fxe4 32. Kxe4 e6 33. Kd4 Kc7 34. Kc3 Kb7 35. Ra5 Rc6 36. Kd4 Rb6 37. Ra4 Kc7 38. h3 Kb7 39. g4 Rc6 40. c5 Kc7 41. Ra5 Kb7 42. Ra2 Kc7 43. g5 Kd7 44. h4 Kc7 45. Ra1 Kd7 46. Kc4 Kc7 47. Ra3 Kd7 48. Ra2 Ke7 49. h5 gxh5 50. Rh2 a5 51. Kb5 Rc8 52. Rxh5 axb4 53. Rxh7+ Kd8 54. Rh8+ Kd7 55. c6+ Kc7 56. Rxc8+ Kxc8 57. g6 b3 1-0


[Site "https://www.chess.com"]

[Event "Titled Tuesday Blitz June 22 2021"]
[White "Quparadze, Giga"]
[Black "Papasimakopoulos, Alexandros"]
[WhiteFideId "13602250"]
[BlackFideId "4244125"]
[WhiteElo "2658"]
[BlackElo "2352"]
[Result "1-0"]
[Round "05"]
[TimeControl "180+1"]
[Date "2021.06.22"]
[WhiteClock "0:01:19"]
[BlackClock "0:00:23"]

1. e4 e6 2. d4 d5 3. Nd2 Nf6 4. e5 Nfd7 5. Bd3 c5 6. c3 Nc6 7. Ne2 cxd4 8. cxd4 f6 9. exf6 Nxf6 10. O-O Bd6 11. Nf3 Qc7 12. Bg5 O-O 13. Bh4 Nh5 14. Bg3 Nxg3 15. hxg3 Bd7 16. Qc2 h6 17. Qd2 Rf6 18. Rac1 Be8 19. Bb1 Bh5 20. Nh4 g5 21. Nf3 Bxf3 22. gxf3 Rxf3 23. Kg2 Raf8 24. Ng1 R3f6 25. Qe3 Qg7 26. Rcd1 h5 27. Nh3 g4 28. Ng5 Re8 29. Rh1 Qh6 30. Nh7 Ref8 31. Nxf6+ Rxf6 32. Qxh6 Rxh6 33. Bc2 Kf7 34. Ba4 Ne7 35. Rd2 Nf5 36. Bc2 Ne7 37. a3 Nc6 38. Bd1 Kg7 39. Ba4 Ne7 40. Be8 h4 41. Rxh4 Rxh4 42. gxh4 Nf5 43. h5 Bf4 44. Rd3 Kf6 45. Kf1 Bh6 46. Bg6 Nh4 47. Rg3 Kg5 48. Bf7 Kf6 49. Rxg4 Nf3 50. Rg6+ Kxf7 51. Rxh6 Nxd4 52. Rh7+ Kf6 53. Rxb7 Kg5 54. Rxa7 Kxh5 55. a4 Kg4 56. a5 Kf3 57. a6 e5 58. Rf7+ Ke4 59. a7 Nf3 60. a8=Q Nd2+ 61. Ke2 Nc4 62. f3+ Kd4 63. b3 Nb6 64. Qa7 Kc3 65. Qxb6 e4 66. Rc7+ Kb2 67. fxe4 d4 68. Qxd4+ Ka2 69. Ra7+ Kb1 70. Kd3 Kc1 71. Ra1# 1-0


[Site "https://www.chess.com"]

[Event "Titled Tuesday Blitz June 22 2021"]
[White "Reshetkov, Kirill"]
[Black "Gunina, Valentina"]
[WhiteFideId "14109050"]
[BlackFideId "4167570"]
[WhiteElo "2318"]
[BlackElo "2399"]
[Result "1/2-1/2"]
[Round "05"]
[TimeControl "180+1"]
[Date "2021.06.22"]
[WhiteClock "0:00:24"]
[BlackClock "0:00:04"]

1. d4 d5 2. Bf4 Nf6 3. e3 c6 4. c4 Bf5 5. Qb3 Qb6 6. c5 Qxb3 7. axb3 a6 8. b4 Bxb1 9. Rxb1 Nbd7 10. h3 g6 11. Nf3 Bg7 12. g4 O-O 13. g5 Ne4 14. Bd3 f6 15. gxf6 exf6 16. Bxe4 dxe4 17. Nd2 f5 18. Nc4 Nf6 19. Nb6 Rae8 20. Ke2 Nh5 21. Bd6 Rf7 22. d5 f4 23. dxc6 bxc6 24. Nc4 f3+ 25. Kd2 Rb7 26. Na5 Rxb4 27. Nxc6 Rb5 28. b4 Rc8 29. Nd4 Bxd4 30. exd4 Nf6 31. Kc3 e3 32. Kc4 e2 33. Bf4 Ne4 34. Be3 Nd6+ 35. Kd3 Nf5 36. d5 a5 37. bxa5 Rxa5 38. Ke4 Nxe3 39. Kxe3 Raxc5 40. Kxf3 Re8 41. Rhe1 Rc3+ 42. Kg2 Rc2 43. Rb3 Rd2 44. Re3 Rxe3 45. fxe3 Rxd5 46. Rxe2 Kg7 47. Kf3 Rf5+ 48. Kg4 Kf6 49. Rb2 Re5 50. Rb6+ Kg7 51. Kf4 Rf5+ 52. Kg4 h5+ 53. Kg3 Re5 54. Kf4 Rf5+ 55. Kg3 Rg5+ 56. Kf3 Rf5+ 57. Ke4 Rg5 58. Rb7+ Kh6 59. Kf4 Rf5+ 60. Ke4 Rg5 61. Kf3 Rf5+ 62. Ke2 Kg5 63. Rb4 Ra5 64. h4+ Kf5 65. Kf3 Ke5 66. Rf4 Ra1 67. Kg2 Ra2+ 68. Kg3 Re2 69. Kf3 Rh2 70. Ra4 Rh3+ 71. Kf2 Kf5 72. Ra5+ Kf6 73. Ra4 Kf5 74. Ke2 Rh2+ 75. Kd3 Rh3 76. Ra5+ Kf6 77. Ra4 Kf5 78. Rf4+ Ke5 79. Rd4 Kf5 80. Re4 Kf6 81. Kd4 g5 82. hxg5+ Kxg5 83. Re8 Rh1 84. e4 h4 85. Ke5 h3 86. Rg8+ Kh6 87. Ke6 h2 88. Rg2 Kh5 89. e5 Kh4 90. Ke7 Kh3 91. Rg7 Re1 92. Rh7+ Kg3 93. e6 h1=Q 94. Rxh1 Rxh1 95. Kd7 Rd1+ 96. Ke8 Kf4 97. e7 Ke5 98. Kf8 Rf1+ 99. Kg7 Rg1+ 100. Kf7 Rf1+ 101. Kg7 Rg1+ 102. Kf7 Rf1+ 103. Kg7 1/2-1/2


[Site "https://www.chess.com"]

[Event "Titled Tuesday Blitz June 22 2021"]
[White "Rustemov, Alexander"]
[Black "Miszler, Levente"]
[WhiteFideId "4119002"]
[BlackFideId "763276"]
[WhiteElo "2790"]
[BlackElo "1967"]
[Result "1-0"]
[Round "05"]
[TimeControl "180+1"]
[Date "2021.06.22"]
[WhiteClock "0:02:16"]
[BlackClock "0:01:12"]

1. d4 Nf6 2. c4 g6 3. g3 Bg7 4. Bg2 O-O 5. Nc3 d6 6. Nf3 Nbd7 7. d5 e5 8. dxe6 fxe6 9. Qc2 e5 10. Be3 Qe7 11. O-O Ng4 12. Bg5 Ndf6 13. h3 Nh6 14. Nd5 Qe6 15. Nxc7 Qf7 16. Nxa8 Bf5 17. Qc1 e4 18. Nh4 1-0


[Site "https://www.chess.com"]

[Event "Titled Tuesday Blitz June 22 2021"]
[White "Rychagov, Andrey"]
[Black "Lazavik, Denis"]
[WhiteFideId "4119932"]
[BlackFideId "13515110"]
[WhiteElo "2527"]
[BlackElo "2436"]
[Result "0-1"]
[Round "05"]
[TimeControl "180+1"]
[Date "2021.06.22"]
[WhiteClock "0:00:01"]
[BlackClock "0:00:18"]

1. d4 Nf6 2. c4 e6 3. Nf3 d5 4. Nc3 Be7 5. Bg5 O-O 6. e3 Nbd7 7. Qc2 h6 8. Bh4 c5 9. Rd1 cxd4 10. Nxd4 Nb6 11. Be2 Bd7 12. Bxf6 Bxf6 13. cxd5 Nxd5 14. Nxd5 exd5 15. O-O Qb6 16. Bf3 Rac8 17. Qd2 Be6 18. Nxe6 fxe6 19. b3 Rc3 20. e4 d4 21. Be2 e5 22. Bd3 Bg5 23. Qe2 Qg6 24. g3 h5 25. Kh1 Bh6 26. h4 Rf6 27. Kh2 Kh8 28. Kg2 Rc8 29. b4 Rcf8 30. Rb1 Rf4 31. f3 Rxh4 32. Rh1 Rhf4 33. Rbf1 h4 34. Rh3 hxg3 35. Rxg3 Qf7 36. Rh1 Rf6 37. Bc4 Qe8 38. Bd5 Rg6 39. Qf2 Rff6 40. Kf1 Qb5+ 41. Kg2 Qb6 42. Qc2 Rxg3+ 43. Kxg3 Rg6+ 44. Kh4 Qd8+ 45. Kh3 Bf4 46. Bf7 Rg3+ 0-1


[Site "https://www.chess.com"]

[Event "Titled Tuesday Blitz June 22 2021"]
[White "Samadov, Read"]
[Black "Sawlin, Leonid"]
[WhiteFideId "13417444"]
[BlackFideId "4689542"]
[WhiteElo "2084"]
[BlackElo "2412"]
[Result "1-0"]
[Round "05"]
[TimeControl "180+1"]
[Date "2021.06.22"]
[WhiteClock "0:01:21"]
[BlackClock "0:01:47"]

1. d4 e6 2. c4 d5 3. Nf3 Nf6 4. Nc3 Be7 5. Bg5 O-O 6. e3 h6 7. Bh4 Ne4 8. Bxe7 Qxe7 9. Rc1 c6 10. Bd3 Nxc3 11. Rxc3 dxc4 12. Bxc4 Nd7 13. O-O b5 14. Bd3 Bb7 15. Be4 Nf6 16. Bxc6 Bxc6 17. Rxc6 Rfc8 18. Qc2 Rxc6 19. Qxc6 Rb8 20. Rc1 Nd5 21. a3 b4 22. a4 b3 23. Ne5 Rb7 24. Qc8+ Kh7 25. h4 f6 26. Nc6 Qc7 27. Qxe6 Nb4 28. Qe4+ Kh8 29. h5 Nxc6 30. Qe8+ Kh7 31. Rxc6 Qd7 32. Qg6+ Kg8 33. d5 Rb8 34. Qg3 Rd8 35. Rc7 1-0


[Site "https://www.chess.com"]

[Event "Titled Tuesday Blitz June 22 2021"]
[White "Sarana, Alexey"]
[Black "Vignesh, N R"]
[WhiteFideId "24133795"]
[BlackFideId "25012215"]
[WhiteElo "2629"]
[BlackElo "2401"]
[Result "1/2-1/2"]
[Round "05"]
[TimeControl "180+1"]
[Date "2021.06.22"]
[WhiteClock "0:00:05"]
[BlackClock "0:00:06"]

1. e4 e5 2. Nf3 Nc6 3. Bc4 Bc5 4. c3 Nf6 5. d3 d6 6. O-O a6 7. Re1 Ba7 8. Bb3 h6 9. Nbd2 O-O 10. h3 Ne7 11. Nf1 Ng6 12. d4 c6 13. Ng3 Re8 14. Be3 exd4 15. Bxd4 Be6 16. Bxa7 Rxa7 17. Qd4 c5 18. Qd2 b5 19. Bxe6 Rxe6 20. e5 Ne8 21. exd6 Qxd6 22. Rxe6 fxe6 23. Qc2 Ne5 24. Nxe5 Qxe5 25. Rd1 Nf6 26. Rd8+ Kf7 27. Qd2 Qc7 28. Ne2 Qe7 29. Nf4 Rd7 30. Rxd7 Qxd7 31. Qe3 Qd1+ 32. Kh2 Qd6 33. g3 Nd5 34. Nxd5 exd5 35. Qf3+ Ke7 36. Kg1 d4 37. cxd4 cxd4 38. Qd3 Qd5 39. b3 a5 40. h4 h5 41. Kf1 a4 42. Ke2 axb3 43. axb3 Qe5+ 44. Kd2 Qc5 45. Qc2 Qb4+ 46. Kd3 Kd6 47. Ke4 Qc5 48. Qd1 Qd5+ 49. Kd3 Qf5+ 50. Ke2 Qe4+ 51. Kd2 Kc5 52. Qxh5+ Kb4 53. Qg5 d3 54. Qf4 Qxf4+ 55. gxf4 Kxb3 56. f5 b4 57. h5 Kc4 58. h6 gxh6 59. f6 b3 60. f7 b2 61. f8=Q b1=Q 62. Qf7+ Kd4 63. Qf6+ Kd5 64. Qf5+ Kd6 65. Qg6+ Ke5 66. Qg3+ Kf5 67. Qf3+ Ke5 68. Qe3+ Kf5 69. Qf3+ Ke5 70. Qh5+ Ke4 71. Qg6+ Ke5 72. Qg7+ Ke4 73. Qg2+ Ke5 74. Qg7+ Ke4 75. Qe7+ Kf5 76. Qd7+ Kg6 77. Qg4+ Kf6 78. Qd4+ Kg6 79. Qg4+ Kf6 80. Qf4+ Kg6 81. Qg4+ 1/2-1/2


[Site "https://www.chess.com"]

[Event "Titled Tuesday Blitz June 22 2021"]
[White "Saucey, Michel"]
[Black "Mirzoev, Azer"]
[WhiteFideId "601845"]
[BlackFideId "13400304"]
[WhiteElo "2253"]
[BlackElo "2525"]
[Result "0-1"]
[Round "05"]
[TimeControl "180+1"]
[Date "2021.06.22"]
[WhiteClock "0:00:01"]
[BlackClock "0:01:00"]

1. e4 c6 2. d4 d5 3. Nc3 dxe4 4. Nxe4 Bf5 5. Ng3 Bg6 6. h4 h6 7. h5 Bh7 8. Nf3 e6 9. Bd3 Bxd3 10. Qxd3 c5 11. Be3 Qa5+ 12. Bd2 Qa6 13. Qe3 cxd4 14. Nxd4 Nf6 15. O-O-O Qxa2 16. Nb3 Nc6 17. Ne4 Nd5 18. Qg3 O-O-O 19. Be3 f5 20. Nc3 Nxc3 21. Rxd8+ Nxd8 22. bxc3 Ba3+ 23. Kd2 Nc6 24. Nd4 Rd8 25. Ke2 Nxd4+ 26. cxd4 Qxc2+ 27. Kf3 Qe4+ 28. Ke2 Qg4+ 29. Qxg4 fxg4 30. Rb1 Bd6 31. g3 b6 32. Ra1 Kb7 33. Rb1 Rc8 34. Rb2 Rc4 35. Rd2 a5 36. d5 e5 37. Rd3 a4 38. Rd2 b5 39. Rb2 b4 40. Kd3 Rc3+ 41. Ke4 a3 42. Rb1 a2 43. Ra1 Rc2 44. Kf5 b3 45. Bc1 Rxc1 46. Rxc1 b2 0-1


[Site "https://www.chess.com"]

[Event "Titled Tuesday Blitz June 22 2021"]
[White "Senft, Sean"]
[Black "Srihari L R"]
[WhiteFideId "2044960"]
[BlackFideId "46617116"]
[WhiteElo "1881"]
[BlackElo "2121"]
[Result "0-1"]
[Round "05"]
[TimeControl "180+1"]
[Date "2021.06.22"]
[WhiteClock "0:01:25"]
[BlackClock "0:01:46"]

1. d4 d6 2. c4 e5 3. d5 g6 4. e4 Bg7 5. Nc3 Ne7 6. f4 O-O 7. Nf3 Nd7 8. fxe5 Nxe5 9. Be2 f5 10. Bg5 h6 11. Bxe7 Qxe7 12. exf5 Nxf3+ 13. gxf3 Qh4+ 14. Kd2 Bxf5 15. Qg1 Rae8 16. Qg3 Qd4+ 17. Ke1 Qxc4 18. Kf1 Bd3 19. Bxd3 Qxd3+ 20. Kg2 Bxc3 21. bxc3 Re2+ 22. Kh3 Rxf3 0-1


[Site "https://www.chess.com"]

[Event "Titled Tuesday Blitz June 22 2021"]
[White "Seo, Jung Min"]
[Black "Kamsky, Gata"]
[WhiteFideId "1734687"]
[BlackFideId "2000024"]
[WhiteElo "2486"]
[BlackElo "2644"]
[Result "0-1"]
[Round "05"]
[TimeControl "180+1"]
[Date "2021.06.22"]
[WhiteClock "0:00:01"]
[BlackClock "0:00:21"]

1. Nf3 Nf6 2. d4 d5 3. c4 c6 4. e3 Bg4 5. h3 Bxf3 6. Qxf3 e6 7. Nc3 Nbd7 8. Bd3 g6 9. O-O Bg7 10. Qe2 O-O 11. b3 Re8 12. Bb2 e5 13. dxe5 Nxe5 14. cxd5 Nxd3 15. Qxd3 Nxd5 16. Qc2 Nb4 17. Qe2 Qd3 18. Qd1 Rad8 19. Na4 Bxb2 20. Nxb2 Qc3 21. Qc1 Nc2 22. Rb1 b5 23. Nd1 Qd2 24. Nb2 Na3 25. Ra1 Qxc1 26. Rfxc1 Rd2 27. Nd1 Red8 28. Nc3 Nc2 29. Rab1 f5 30. Rb2 Nb4 31. Rxd2 Rxd2 32. a4 a6 33. axb5 cxb5 34. e4 Rc2 35. Rxc2 Nxc2 36. exf5 gxf5 37. Kf1 Kf7 38. Nd5 a5 39. Nc7 Nd4 40. Ke1 a4 41. bxa4 bxa4 42. Kd2 a3 43. Kc3 Ne2+ 44. Kb3 Nf4 45. g3 Nxh3 46. Kxa3 Nxf2 47. Kb2 Ne4 48. Kc2 Nxg3 49. Kd3 Kf6 50. Ke3 Ke5 51. Kf3 Ne4 52. Ne8 h5 53. Ng7 h4 54. Kg2 Ng5 55. Nh5 f4 56. Kf2 Kf5 57. Ng7+ Kg4 0-1


[Site "https://www.chess.com"]

[Event "Titled Tuesday Blitz June 22 2021"]
[White "Shapkin, Anatoliy"]
[Black "Real De Azua, Ernesto"]
[WhiteFideId "34108332"]
[BlackFideId "108154"]
[WhiteElo "2223"]
[BlackElo "2476"]
[Result "0-1"]
[Round "05"]
[TimeControl "180+1"]
[Date "2021.06.22"]
[WhiteClock "0:00:16"]
[BlackClock "0:00:17"]

1. d4 Nf6 2. c4 e6 3. g3 c5 4. d5 exd5 5. cxd5 d6 6. Nc3 g6 7. Nf3 Bg7 8. Bg2 O-O 9. O-O Re8 10. Nd2 Nbd7 11. a4 Nh5 12. h3 f5 13. Kh2 Nhf6 14. e4 Ne5 15. f4 Nd3 16. Nc4 fxe4 17. Nxe4 Nxc1 18. Nexd6 Ne2 19. Nxe8 Qxe8 20. Re1 Ng4+ 21. hxg4 Bxg4 22. Qd3 g5 23. Be4 Qh5+ 24. Kg2 Qh3+ 25. Kf2 Bd4+ 26. Ne3 Qxg3+ 27. Kf1 Qg1# 0-1


[Site "https://www.chess.com"]

[Event "Titled Tuesday Blitz June 22 2021"]
[White "Shevchenko, Kirill"]
[Black "Lomasov, Semyon"]
[WhiteFideId "14129574"]
[BlackFideId "24164879"]
[WhiteElo "2569"]
[BlackElo "2445"]
[Result "1/2-1/2"]
[Round "05"]
[TimeControl "180+1"]
[Date "2021.06.22"]
[WhiteClock "0:00:07"]
[BlackClock "0:00:13"]

1. e4 e6 2. d3 d5 3. Nd2 Nf6 4. Ngf3 g6 5. b3 Bg7 6. Bb2 O-O 7. g3 a5 8. a3 c5 9. Bg2 Nc6 10. O-O b6 11. Re1 Bb7 12. Ne5 a4 13. bxa4 dxe4 14. Nxc6 Bxc6 15. Nxe4 Nxe4 16. Bxg7 Kxg7 17. Bxe4 Qc7 18. c3 Rxa4 19. Qb3 Rfa8 20. Bxc6 Qxc6 21. c4 Qd6 22. h4 h5 23. Qc3+ Qd4 24. Qb3 R4a7 25. Ra2 Rb8 26. a4 Rd7 27. Ra3 Rbb7 28. Qc2 Ra7 29. Rb1 Rd6 30. Rb5 e5 31. Qe2 Rf6 32. Kg2 Re7 33. Qe3 Qxe3 34. fxe3 e4 35. a5 bxa5 36. Rbxa5 exd3 37. Rxd3 Re5 38. Rb5 Kg8 39. Rb8+ Kg7 40. Rbd8 Re4 41. Rc3 Rf5 42. Rd5 Kf6 43. Rd6+ Ke7 44. Rc6 Kd7 45. Ra6 Ke7 46. Ra7+ Kf6 47. Rc7 Kg7 48. Rc6 Rg4 49. Rd3 g5 50. Rd5 Rxd5 51. cxd5 gxh4 52. Rxc5 Rxg3+ 53. Kf2 Rg5 54. e4 h3 55. Rc3 Rg2+ 56. Kf1 Rg4 57. Rxh3 Rxe4 58. Rxh5 Kg6 59. Rh3 Rd4 60. Rg3+ Kf6 61. Rf3+ Ke7 62. Rf5 Kd6 63. Kf2 Rxd5 64. Rxf7 Re5 65. Rf3 Ke6 66. Re3 Rxe3 67. Kxe3 1/2-1/2


[Site "https://www.chess.com"]

[Event "Titled Tuesday Blitz June 22 2021"]
[White "Shevtchenko, Olesya"]
[Black "Maghsoodloo, Parham"]
[WhiteFideId "24131890"]
[BlackFideId "12539929"]
[WhiteElo "2003"]
[BlackElo "2601"]
[Result "0-1"]
[Round "05"]
[TimeControl "180+1"]
[Date "2021.06.22"]
[WhiteClock "0:00:01"]
[BlackClock "0:00:19"]

1. e4 c5 2. c3 Nf6 3. e5 Nd5 4. d4 cxd4 5. cxd4 Nc6 6. Nc3 Nxc3 7. bxc3 d5 8. Bd3 Qa5 9. Bd2 Qc7 10. f4 Na5 11. Nf3 Nc4 12. O-O e6 13. f5 exf5 14. Bf4 Be6 15. Ng5 Qc6 16. Nxe6 fxe6 17. Bg5 Be7 18. Bxe7 Kxe7 19. Qh5 Raf8 20. Rf2 Kd7 21. Qg5 Rhg8 22. Raf1 Kc8 23. Qh5 g5 24. Qxh7 Ne3 25. Re1 f4 26. Qe7 Qc7 27. Qa3 Kb8 28. Rxe3 g4 29. Re1 Qg7 30. Qd6+ Ka8 31. Qxe6 g3 32. hxg3 f3 33. g4 Re8 34. Qxd5 Qxg4 35. Qxf3 Qh4 36. Qf4 Qh3 37. Bf5 Qxc3 38. d5 Qxe1+ 39. Rf1 Qe2 40. Rf2 Qd1+ 41. Kh2 Rh8+ 42. Bh3 Qxd5 43. Re2 Rhf8 44. Qe4 Qc5 45. Re1 Rf2 46. e6 a6 47. Bg4 Rh8+ 48. Bh3 Qc3 49. Qe3 Qf6 50. e7 Re8 51. Bd7 Qb2 52. Bxe8 Rxg2+ 53. Kh3 Rg8 54. Bc6 Qh8+ 0-1


[Site "https://www.chess.com"]

[Event "Titled Tuesday Blitz June 22 2021"]
[White "Shimelkov, Vasiliy"]
[Black "Indjic, Aleksandar"]
[WhiteFideId "13701630"]
[BlackFideId "911925"]
[WhiteElo "2073"]
[BlackElo "2643"]
[Result "0-1"]
[Round "05"]
[TimeControl "180+1"]
[Date "2021.06.22"]
[WhiteClock "0:00:07"]
[BlackClock "0:00:06"]

1. d4 Nf6 2. c4 c5 3. d5 e6 4. Nc3 exd5 5. cxd5 d6 6. h3 g6 7. Nf3 Qe7 8. Bf4 a6 9. a4 Bg7 10. Nd2 Nbd7 11. Nc4 Ne5 12. Bxe5 dxe5 13. e4 O-O 14. Bd3 Ne8 15. O-O Nd6 16. Qe2 Bd7 17. Nd1 Bh6 18. b3 Rab8 19. Nb6 f5 20. Nb2 fxe4 21. Bxe4 Bf5 22. f3 Bf4 23. Nd3 Bxe4 24. fxe4 Rbe8 25. Nc4 b5 26. Nxd6 Qxd6 27. axb5 axb5 28. Nxf4 exf4 29. Qxb5 Rxe4 30. Ra7 Re7 31. Rxe7 Qxe7 32. Qc6 Qe3+ 33. Kh1 f3 34. d6 f2 35. Qd5+ Kg7 36. d7 Qe2 37. Qc4 Qxc4 38. bxc4 Rd8 39. Rxf2 Rxd7 40. g3 Rd4 41. Rc2 Kf6 42. Kg2 Ke5 43. Kf3 Rd3+ 44. Kf2 Kd4 45. Rc1 g5 46. Re1 Kxc4 47. Re5 Rd5 48. Re7 h5 49. Rh7 g4 50. hxg4 hxg4 51. Ke3 Rd4 52. Rg7 Kc3 53. Rc7 c4 54. Rc6 Rd8 55. Kf4 Rg8 56. Rc7 Kb3 57. Rb7+ Kc2 58. Ke3 c3 59. Rc7 Kb2 60. Kd3 Rd8+ 61. Ke3 c2 62. Rb7+ Kc1 63. Rc7 Kd1 0-1


[Site "https://www.chess.com"]